 Dungeon Crawl Stone Soup version 0.30.0-17-ge0270778cf (webtiles) character file.

Game seed: 2874026277016841730

149 SkeletonJelly the Poker (level 5, -1/32 (38) HPs)
             Began as a Demonspawn Reaver on May 22, 2023.
             Succumbed to a scorpion's poison
             ... on level 4 of the Dungeon.
             The game lasted 00:03:45 (2471 turns).

SkeletonJelly the Poker (Demonspawn Reaver)         Turns: 2471, Time: 00:03:46

HP:   -1/32 (38)    AC:  9    Str: 12    XL:     5   Next: 9%
MP:   15/17         EV: 11    Int: 16    God:
Gold: 100           SH:  4    Dex: 12    Spells: 7/8 levels left

rFire   . . .        a - +0 spear
rCold   . . .        (no shield)
rNeg    . . .        b - +0 leather armour
rPois   .            (no helmet)
rElec   .            (no cloak)
rCorr   .            (no gloves)
SInv    .            (no boots)
Will    .....        (no amulet)
Stlth   +            e - ring of magical power
HPRegen 0.25/turn    q - +4 ring of protection
MPRegen 0.15/turn

%: no passive effects
@: lethally poisoned (-1 -> -6), very slightly contaminated, hasted, heavily
drained, very quick
A: hooves 1, slimy green scales 1, condensation shield
a: no special abilities


You were on level 4 of the Dungeon.
You visited 1 branch of the dungeon, and saw 4 of its levels.

You collected 100 gold pieces.

Inventory:

Hand Weapons
 a - a +0 spear (weapon)
Armour
 b - a +0 leather armour (worn)
Jewellery
 e - a ring of magical power (left hand)
 n - a ring of magical power
 q - a +4 ring of protection (right hand)
Scrolls
 d - a scroll of amnesia {unknown}
 h - 3 scrolls of identify {unknown}
 i - 3 scrolls of teleportation {unknown}
 j - a scroll of fog {unknown}
 m - 2 scrolls of immolation {unknown}
 r - a scroll of silence {unknown}
Potions
 c - a potion of haste
 f - a potion of attraction {unknown}
 g - a potion of might {unknown}
 k - a potion of ambrosia {unknown}
 l - a potion of degeneration {unknown}
 o - a potion of curing {unknown}
 p - a potion of mutation {unknown}
 s - a potion of invisibility {unknown}
 t - a potion of berserk rage {unknown}


   Skills:
 - Level 2.0 Fighting
 + Level 4.2 Polearms
 - Level 1.7 Dodging
 - Level 2.0 Spellcasting
 - Level 3.0 Conjurations
 + Level 3.6 Necromancy


You had 7 spell levels left.
You knew the following spells:

 Your Spells              Type           Power      Damage    Failure   Level
a - Kiss of Death         Conj/Necr      48%        2d9       7%          1

Your spell library contained the following spells:

 Spells                   Type           Power      Damage    Failure   Level
 Momentum Strike          Conj/Tloc      12%        3d8       22%         2
 Cigotuvi's Dreadful Rot  Necr/Pois/Air  10%        N/A       24%         2
 Hailstorm                Conj/Ice       6%         3d4       38%         3
 Dispel Undead            Necr           13%        3d9       52%         4
 Ozocubu's Armour         Ice            1%         N/A       61%         3
 Death Channel            Necr           6%         N/A       100%        6
 Ozocubu's Refrigeration  Ice            0%         4d7       100%        7


Dungeon Overview and Level Annotations

Branches:
Dungeon (4/15)
 Temple: D:4-7

Altars:
Fedhas
Makhleb


Innate Abilities, Weirdness & Mutations

You have large cloven feet.
You are partially covered in slimy green scales. (AC +2)
A meltable shield of frost defends you. (SH +4)


Message History

You regained 3 hp, and now have 11/38 hp.
Magic restored.
HP restored.
Done exploring.
Health restored: 38; MP restored: 17 You climb downwards.
Found a murky purple potion and a fuming orange potion.
There is a stone staircase leading up here.
s - a fuming orange potion
t - a murky purple potion A ball python is nearby!
A ball python is nearby!
A ball python is nearby!
The ball python hisses angrily.
You reach to attack!
You hit the ball python.
You kill the ball python!
You barely miss the scorpion. The scorpion closely misses you.
You hit the scorpion but do no damage. Your kick misses the scorpion.
The scorpion stings you.
You take 4 damage, and have 34/38 hp.
You hit the scorpion but do no damage.
A shadow imp comes into view.
You block the scorpion's attack.
You barely miss the scorpion.
You kick the scorpion, but do no damage.
The scorpion stings you.
You are poisoned.
The scorpion poisons you!
You take 2 damage, and have 33/38 hp.
You barely miss the scorpion.
You feel very sick. The scorpion barely misses you.
You take 3 damage, and have 30/38 hp.
You closely miss the scorpion.
You kick the scorpion, but do no damage.
You feel sick. You block the scorpion's attack.
You take 1 damage, and have 29/38 hp.
You hit the scorpion but do no damage.
You kick the scorpion, but do no damage.
You feel sick.
The scorpion stings you but does no damage.
You hit the scorpion. You kick the scorpion.
The scorpion is moderately wounded.
You feel sick. The scorpion stings you.
You take 5 damage, and have 24/38 hp.
You completely miss the scorpion.
The scorpion is moderately wounded.
You feel sick.
The scorpion stings you but does no damage.
You take 1 damage, and have 23/38 hp.
You hit the scorpion but do no damage.
You kick the scorpion, but do no damage.
The scorpion is moderately wounded.
You feel sick.
The scorpion stings you but does no damage.
You take 1 damage, and have 22/38 hp.
You hit the scorpion.
You kick the scorpion, but do no damage.
The scorpion is moderately wounded.
You feel sick.
The scorpion stings you but does no damage.
You block the shadow imp's attack.
You take 1 damage, and have 21/38 hp.
You barely miss the scorpion.
The scorpion is moderately wounded.
You feel sick.
The scorpion stings you but does no damage.
The shadow imp gestures at you. Pain shoots through your body!
You take 7 damage, and have 14/38 hp.
You are too injured to fight recklessly!
Casting: Kiss of Death (safe; 7% risk of failure)
Confirm with . or Enter, or press ? or * to list all spells.
Aiming: Kiss of Death (safe; 7% risk of failure)
Press: ? - help, Shift-Dir - straight line, f - scorpion
Aim: a scorpion (moderately wounded, 100% to hit)
You miscast Kiss of Death.
You are very lightly contaminated with residual magic.
Nothing appears to happen.
You feel sick.
You are no longer poisoned.
The scorpion stings you.
You are poisoned.
The scorpion poisons you! You block the shadow imp's attack.
The scorpion barely misses you.
You take 2 damage, and have 12/38 hp.
You now have 16/17 mp.
Casting: Kiss of Death (safe; 7% risk of failure)
Confirm with . or Enter, or press ? or * to list all spells.
Aiming: Kiss of Death (safe; 7% risk of failure)
Press: ? - help, Shift-Dir - straight line, f/p - scorpion
Aim: a scorpion (moderately wounded, 100% to hit)
The negative energy hits the scorpion!
The scorpion is drained!
The scorpion is severely wounded.
You feel drained.
You feel sick. The shadow imp gestures at you. Pain shoots through your body!
* * * LOW HITPOINT WARNING * * *
The scorpion closely misses you.
You take 11 damage, and have 1/32 hp.
MASSIVE DAMAGE!!
You now have 15/17 mp.
It was a potion of haste.
You feel yourself speed up.
You die...

####.....### #.#
#..........##.#..
..................
#......<...##.##..
.#.............#.
#......^........
.................#
.#..............##
#.##....@5.....#
####....s.....##
###............#
#..............#
##...........#..
##..........##.#
.......<=......
.........###...
.........#


You could see a scorpion (drained) and a shadow imp.

Vanquished Creatures
  A black bear (D:3)
  2 adders
  2 dart slugs
  4 bats
  4 endoplasms
  2 giant cockroaches
  3 goblins
  6 hobgoblins
  A quokka (D:2)
  7 ball pythons
  3 frilled lizards
  5 kobolds
  2 rats
42 creatures vanquished.

Notes
Turn   | Place    | Note
-------+----------+-------------------------------------------
     0 | D:1      | SkeletonJelly the Demonspawn Reaver began the quest for the
                  | Orb.
     0 | D:1      | Reached XP level 1. HP: 16/16 MP: 3/3
   219 | D:1      | Reached skill level 1 in Necromancy
   466 | D:1      | Reached skill level 3 in Polearms
   466 | D:1      | Gained mutation: A meltable shield of frost defends you.
                  | (SH +4) [demonic ancestry]
   466 | D:1      | Reached XP level 2. HP: 22/22 MP: 5/5
   907 | D:2      | Gained mutation: You are partially covered in slimy green
                  | scales. (AC +2) [demonic ancestry]
   907 | D:2      | Reached XP level 3. HP: 20/27 MP: 6/6
  1304 | D:2      | Found a faded altar of an unknown god.
  1928 | D:3      | Found a blossoming altar of Fedhas.
  1954 | D:3      | Found a burning altar of Makhleb.
  2309 | D:4      | Noticed a black bear
  2314 | D:4      | Noticed a scorpion
  2327 | D:3      | Killed a black bear
  2328 | D:3      | Reached skill level 4 in Polearms
  2328 | D:3      | Reached XP level 4. HP: 7/33 MP: 7/7
  2328 | D:3      | Gained mutation: You have large cloven feet. [demonic
                  | ancestry]
  2328 | D:3      | Reached XP level 5. HP: 8/38 MP: 8/8
  2470 | D:4      | HP: 1/32 [shadow imp/nerve-wracking pain (9)]
  2471 | D:4      | Succumbed to a scorpion's poison

Illustrated notes

Levels and vault maps discovered:
D:1:      psy_arrival_radial01, layout_basic, minmay_domino_4
D:2:      layout_basic, shapermc_ecumenical_altar_pompeii, minmay_crystal_room
D:3:      layout_loops_ring, mainiacjoe_overflow_two_lobes,
          nicolae_underground_beach
D:4:      layout_cave_pools, minmay_gold_behind_fungi, uniq_blork_the_orc

Skill      XL: |  1  2  3 |
---------------+----------+-----
Necromancy     | 1 2 3 |  3.6
Polearms       | 3 4 |  4.2
Fighting       | |  2.0
Dodging        | |  1.7
Spellcasting   | |  2.0
Conjurations   | |  3.0

Action                     |  1- 3 |  4- 6 || total
---------------------------+-------+-------++-------
  Melee: Spear             |   199 |    13 ||   212
         Kick              |       |     6 ||     6
   Cast: Kiss of Death     |     2 |     1 ||     3
    Use: Potion            |       |     1 ||     1
 Armour: Leather armour    |    45 |     5 ||    50
  Dodge: Dodged            |   102 |     4 ||   106
  Block: Other             |    16 |     4 ||    20
